 Dungeon Crawl Stone Soup version 0.26.1-11-gd32895ea62 (webtiles) character file.

Game seed: 5407445160138616420

52 Zeld the Grasshopper (level 3, -9/24 HPs)
             Began as an Octopode Warper on May 17, 2021.
             Killed from afar by Sigmund (10 damage)
             ... with a puff of flame
             ... on level 2 of the Dungeon.
             The game lasted 00:01:18 (1561 turns).

Zeld the Grasshopper (Octopode Warper)              Turns: 1561, Time: 00:01:19

Health: -9/24      AC:  1    Str: 11    XL:     3   Next: 85%
Magic:  2/6        EV: 13    Int: 15    God:
Gold:   49         SH:  0    Dex: 11    Spells: 2/7 levels left

rFire    . . .     SeeInvis .   a - +0 mace
rCold    . . .     Faith    .   (no shield)
rNeg     . . .     Spirit   .   (helmet restricted)
rPois    .         Reflect  .   (no amulet)
rElec    .         Harm     .   (no ring)
rCorr    .         Rampage  .   (no ring)
Will     .....                  (no ring)
Stlth    ++........             (no ring)
HPRegen  0.08/turn              (no ring)
MPRegen  0.10/turn              (no ring)
                                (no ring)
                                (no ring)

@: confused
A: almost no armour, stealthy swim, amphibious, 8 rings, constrict 8, camouflage
1, gelatinous body 1
a: no special abilities


You were on level 2 of the Dungeon.
You visited 1 branch of the dungeon, and saw 2 of its levels.

You collected 49 gold pieces.

Inventory:

Hand Weapons
 a - a +0 mace (weapon)
Missiles
 b - 4 boomerangs of dispersal (quivered)
Scrolls
 c - a scroll of blinking
 d - a scroll of identify {unknown}
 e - a scroll of teleportation {unknown}
 g - a scroll of noise {unknown}
Potions
 f - a potion of flight {unknown}


   Skills:
 - Level 2.0 Fighting
 * Level 3.2 Maces & Flails
 - Level 1.0 Throwing
 - Level 2.3 Dodging
 + Level 2.5 Spellcasting
 + Level 3.4 Translocations


You had 2 spell levels left.
You knew the following spells:

 Your Spells              Type           Power        Failure   Level
a - Blink                 Tloc           N/A          8%          2
b - Gell's Gravitas       Tloc           6%           16%         3

Your spell library contained the following spells:

 Spells                   Type           Power        Failure   Level
 Lesser Beckoning         Tloc           6%           16%         3
 Teleport Other           Tloc           12%          16%         3
 Passage of Golubria      Tloc           N/A          45%         4


Dungeon Overview and Level Annotations

Branches:
Dungeon (2/15)

Altars:

Annotations:
D:2 Sigmund


Innate Abilities, Weirdness & Mutations

You cannot wear most types of armour.
You are very stealthy in the water. (Stealth+)
You are amphibious.
You can wear up to eight rings at the same time.
You can use your tentacles to constrict eight enemies at once.
Your skin changes colour to match your surroundings (Stealth+).
Your rubbery body absorbs attacks. (AC +1, EV +1)


Message History

The kobold completely misses you. The bat misses you.
An adder comes into view.
Casting: Blink (safe; 8% risk of failure)
Confirm with . or Enter, or press ? or * to list all spells.
You blink.
Something completely misses you. Something hits you.
* * * LOW HITPOINT WARNING * * *
You hear some strange, mumbled words.
You are confused.
Something tries to affect you, but you resist.
You are more confused.
A magic dart appears from out of thin air!
The magic dart hits you.
* * * LOW HITPOINT WARNING * * *
You bump into the rock wall.
A puff of flame appears from out of thin air!
The puff of flame hits you!
You die...

#. #..# #######+#
#.###..#
#..##..####
#.........#
#......{..#
#.........#
#......S..#
###.......K.#######
#..........@.......
#.###....######+###
#.####...#≈....#
#........#≈....#
#######..#≈(...#
#..#≈≈≈≈≈#
######..'######
.......>.#
##############.#


You could see an adder and a kobold.

Vanquished Creatures
  An adder (D:2)
  A dart slug (D:1)
  A leopard gecko (D:1)
  2 giant cockroaches
  4 goblins (D:1)
  7 hobgoblins
  2 jackals (D:1)
  5 kobolds
  6 bats
  7 frilled lizards
  4 rats (D:1)
40 creatures vanquished.

Notes
Turn   | Place    | Note
-------+----------+-------------------------------------------
     0 | D:1      | Zeld the Octopode Warper began the quest for the Orb.
     0 | D:1      | Reached XP level 1. HP: 14/14 MP: 3/3
    85 | D:1      | Reached XP level 2. HP: 15/19 MP: 5/5
   582 | D:1      | Reached XP level 3. HP: 12/24 MP: 6/6
   601 | D:1      | Learned a level 2 spell: Blink
   605 | D:1      | Learned a level 3 spell: Gell's Gravitas
  1522 | D:2      | Noticed Sigmund
  1558 | D:2      | HP: 1/24 [something/magic dart (5)]
  1561 | D:2      | Killed from afar by Sigmund

Illustrated notes

Levels and vault maps discovered:
D:1:      dpeg_arrival_prison, layout_loops_ring, fountainhead
D:2:      layout_basic, chequers_serial_rivers_room_a, minmay_heptomino_h4,
          uniq_sigmund

Skill      XL: |  1  2  3 |
---------------+----------+-----
Maces & Flails | 3 |  3.2
Fighting       | |  2.0
Throwing       | |  1.0
Dodging        | |  2.3
Spellcasting   | |  2.5
Translocations | |  3.4

Action                   || total
-------------------------++-------
Melee: Mace              ||    80
       Constrict         ||    20
       Tentacles         ||     5
Throw: Boomerang         ||     1
 Cast: Blink             ||     3
 Stab: Sleeping          ||    10
Armor: Skin              ||    22
Dodge: Dodged            ||    88
